 Dungeon Crawl Stone Soup version 0.17-a0-1-g1f4be75 (webtiles) character file.

798 McCoppin the Covert (level 7, -17/28 (31) HPs)
             Began as a Felid Monk on Mar 8, 2015.
             Demolished by an ice beast (19 damage)
             ... on level 7 of the Dungeon.
             The game lasted 00:36:09 (8027 turns).

McCoppin the Covert (Felid Monk)                    Turns: 8027, Time: 00:36:10

HP:   -17/28 (31)   AC:  4    Str:  8    XL:     7   Next: 58%
MP:   12/12         EV: 20    Int: 12    God:
Gold: 187           SH:  0    Dex: 19    Spells: 0 memorised, 6 levels left
                                        Lives: 0   Deaths: 2

rFire  + + .     SeeInvis +       - Unarmed
rCold  x . .     Clarity  .     (armour unavailable)
rNeg   . . .     SustAb   .     (shield unavailable)
rPois  .         Gourm    .     (helmet unavailable)
rElec  .         Spirit   .     (cloak unavailable)
rCorr  .         Warding  .     (gloves unavailable)
rMut   .         Stasis   .     (boots unavailable)
MR     +....                    (no amulet)
Stlth  +++++++...               (no ring)
                                a - ring of fire (curse)

@: rotting, quick, somewhat resistant to hostile enchantments, extremely
stealthy
A: paw claws, no armour, no weapons or thrown items, fangs 3, yellow scales 1,
see invisible, carnivore 3, fire resistance 1, speed 1, shaggy fur 2, slow
metabolism 1, sharp paws
a: no special abilities


You were on level 7 of the Dungeon.
You were not hungry.

You visited 2 branches of the dungeon, and saw 9 of its levels.
You also visited: Ossuary.

You collected 187 gold pieces.

Inventory:

Jewellery
 a - a cursed ring of fire (left paw)
Magical devices
 i - a wand of flame (11)
 j - a wand of paralysis (12)
 k - a wand of invisibility (0)
 o - a wand of fire (0)
Scrolls
 b - a scroll of teleportation
 e - 2 scrolls of fog
 f - 4 scrolls of remove curse
 g - a scroll of enchant armour
 h - a scroll of noise
Potions
 l - a potion of poison
Comestibles
 c - a slice of pizza
 d - a meat ration
 m - a chunk of flesh
 n - a royal jelly


   Skills:
 + Level 3.7 Fighting
 - Level 4.0 Dodging
 - Level 13.3 Stealth
 + Level 4.4 Unarmed Combat


You had 6 spell levels left.
You didn't know any spells.

Dungeon Overview and Level Annotations

Branches:
Dungeon (8/15)             Temple (1/1) D:4
   Lair: D:8-11

Altars:
Ashenzari
Cheibriados
Elyvilon
Fedhas
Gozag
Makhleb
Nemelex Xobeh
Okawaru
Qazlal
Ru
Trog
Vehumet
Xom
Yredelemnul
Zin
The Shining One

Annotations:
D:5 Pikel


Innate Abilities, Weirdness & Mutations

You cannot wear armour.
You are incapable of wielding weapons or throwing items.
You have razor-sharp teeth.
You have supernaturally acute eyesight.
You are carnivorous and can eat meat at any time.
You cover ground quickly.
You are covered in thick fur (AC +2).
You have a slow metabolism.
Your paws have sharp claws that are effective at stabbing.
You are partially covered in yellow scales (AC +2).
Your flesh is heat resistant.


Message History

You claw the centaur!
You kill the centaur!
Things that are here:
an uncursed shortbow; 19 arrows The ice beast hits you.
The ice beast freezes you!!
You feel a terrible chill!
Ouch! That really hurt!
* * * LOW HITPOINT WARNING * * *
You see here 13 gold pieces.
You scratch the ice beast but do no damage.
The ice beast barely misses you.
You closely miss the ice beast. Your bite misses the ice beast.
The ice beast misses you.
You closely miss the ice beast. The ice beast closely misses you.
You scratch the ice beast.
The ice beast is lightly wounded.
The ice beast hits you.
* * * LOW HITPOINT WARNING * * *
The ice beast freezes you!!
You feel a terrible chill!
Ouch! That really hurt!
You die...

...... #..........[. .......
#...Y......##
#....###..###....###
#....#>..# ##..## ##.......#
#..## ##.......# ##Y##
#........# ##.##
##..##.....# ##.## # #..
##)@Y.(###.## ###
#..##..........# ##..
#..............# ##... .
##...?<......(..####....
...###........######......>.
.....$.....#### ####.....
#..........###### #..###
#....###...##.(## #.##
#.b.......####..## #.#


You could see an ice beast.

Vanquished Creatures
  A black bear (D:7)
  A phantom (D:6)
  A necrophage (D:7)
  A big kobold (D:7)
  2 centaurs
  A giant frog (D:6)
  An elf zombie (Ossuary)
  3 wights (D:6)
  A giant frog zombie (D:6)
  3 crimson imps
  A human zombie (Ossuary)
  An orc priest (D:3)
  An orc wizard (D:7)
  2 iguanas
  2 worker ants
  Ijyb (D:2)
  3 mummies
  4 adders
  2 gnolls (D:4)
  Natasha (twice) (D:6)
  A worm (D:2)
  An adder skeleton (D:5)
  3 giant geckos
  4 orcs
  2 ball pythons
  10 bats
  4 giant cockroaches
  11 goblins
  5 hobgoblins
  13 kobolds
  A quokka (D:4)
  2 giant newts
  3 goblin zombies (Ossuary)
  13 hobgoblin zombies (Ossuary)
  7 jackals
  11 kobold zombies
  8 orc zombies
  11 rats
  A rat zombie (Ossuary)
145 creatures vanquished.

Vanquished Creatures (others)
  Natasha (D:6)
  An orc (D:6)
  A kobold (D:6)
  A rat (D:6)
4 creatures vanquished.

Grand Total: 149 creatures vanquished

Notes
Turn   | Place    | Note
--------------------------------------------------------------
     0 | D:1      | McCoppin, the Felid Monk, began the quest for the Orb.
     0 | D:1      | Reached XP level 1. HP: 10/10 MP: 2/2
   292 | D:2      | Reached XP level 2. HP: 14/14 MP: 3/3
   733 | D:4      | Found a staircase to the Ecumenical Temple.
   742 | Temple   | Entered the Ecumenical Temple
  1265 | D:4      | Noticed a hippogriff
  1287 | D:5      | Entered Level 5 of the Dungeon
  1407 | D:3      | Found a snail-covered altar of Cheibriados.
  1484 | D:3      | Reached skill level 5 in Stealth
  1485 | D:3      | Reached XP level 3. HP: 15/17 MP: 5/5
  1553 | D:3      | Reached skill level 6 in Stealth
  1569 | D:3      | Found an iron altar of Okawaru.
  1575 | D:3      | Found a shimmering altar of Xom.
  1648 | D:2      | Reached XP level 4. HP: 21/21 MP: 7/7
  1676 | D:2      | Noticed Ijyb
  2346 | D:2      | Killed Ijyb
  2346 | D:2      | Reached skill level 7 in Stealth
  3429 | D:4      | Reached XP level 5. HP: 24/24 MP: 8/8
  3597 | D:4      | HP: 1/24 [worker ant (7)]
  3598 | D:4      | Succumbed to a worker ant's poison
  3599 | D:4      | Reached XP level 4. HP: 0/21 MP: 7/7
  3634 | D:5      | Reached skill level 8 in Stealth
  3635 | D:5      | Noticed a centaur
  3642 | D:5      | Killed a centaur
  3642 | D:5      | Reached XP level 5. HP: 11/24 MP: 8/8
  3804 | D:5      | Reached skill level 9 in Stealth
  3915 | D:5      | Noticed a centaur
  4165 | D:5      | Noticed Pikel
  4369 | D:6      | Reached skill level 10 in Stealth
  4369 | D:6      | Gained mutation: You are covered in thick fur (AC +2). [growing up]
  4369 | D:6      | Reached XP level 6. HP: 28/28 MP: 10/10
  4373 | D:6      | Found a sand-covered staircase.
  4379 | D:6      | Noticed a phantom
  4384 | D:6      | Killed a phantom
  4429 | Ossuary  | Entered an ossuary
  5814 | Ossuary  | Reached skill level 11 in Stealth
  5814 | Ossuary  | Reached XP level 7. HP: 18/31 MP: 12/12
  6123 | Ossuary  | Gained mutation: You are partially covered in yellow scales (AC +2). [potion of mutation]
  6123 | Ossuary  | Gained mutation: Your flesh is heat resistant. [potion of mutation]
  6500 | D:6      | Found a stormy altar of Qazlal.
  6510 | D:6      | Noticed Natasha
  6524 | D:6      | Noticed an ogre
  6555 | D:6      | Killed Natasha
  6556 | D:6      | Noticed Natasha
  6571 | D:6      | Killed Natasha
  6624 | D:6      | Noticed an orc warrior
  6715 | D:6      | Noticed Natasha
  6718 | D:6      | Killed Natasha
  6961 | D:6      | Reached skill level 12 in Stealth
  7577 | D:7      | Mangled by a goliath beetle
  7578 | D:7      | Reached XP level 6. HP: -10/28 MP: 10/10
  7584 | D:7      | Reached skill level 13 in Stealth
  7584 | D:7      | Reached XP level 7. HP: 31/31 MP: 12/12
  8027 | D:7      | Demolished by an ice beast

Action                   |  1- 3 |  4- 6 |  7- 9 || total
-------------------------+-------+-------+-------++-------
Melee: Unarmed           |    44 |   264 |   158 ||   466
Evoke: Wand              |       |       |     7 ||     7
  Use: Scroll            |     4 |     6 |     1 ||    11
       Potion            |     1 |       |     7 ||     8
 Stab: Sleeping          |     6 |    26 |     5 ||    37
       Distracted        |       |     1 |     2 ||     3
       Invisible         |       |       |     9 ||     9
  Eat: Chunk             |     2 |     2 |     4 ||     8
       Meat ration       |       |       |     1 ||     1
